 Dungeon Crawl Stone Soup version 0.25-a0-464-g3004169 (webtiles) character file.

Game seed: 5342975852162343743, levelgen mode: deterministic

354 15 the Firebug (level 6, -4/34 HPs)
             Began as a Tengu Fire Elementalist on Feb 3, 2020.
             Slain by a gnoll
             ... wielding a cursed +0 whip
              (6 damage)
             ... on level 3 of the Dungeon.
             The game lasted 00:12:27 (3395 turns).

15 the Firebug (Tengu Fire Elementalist)            Turns: 3395, Time: 00:12:27

Health: -4/34      AC: 10    Str:  9 (10) XL:     6   Next: 62%
Magic:  12/12      EV: 19    Int: 14 (16) God:
Gold:   104        SH:  0    Dex: 18 (19) Spells: 0/11 levels left

rFire    . . .     SeeInvis .   t - +2 flail (protect)
rCold    . . .     Gourm    .   (no shield)
rNeg     + . .     Faith    .   n - +1 robe {rN+}
rPois    .         Spirit   .   (helmet restricted)
rElec    .         Reflect  .   (no cloak)
rCorr    .         Harm     .   (no gloves)
MR       .....                  (boots unavailable)
Stlth    ++++......             p - amulet of magic regeneration
HPRegen  0.11/turn              j - ring of stealth
MPRegen  0.38/turn              (no ring)

@: agile, protection aura, very slightly contaminated, hasted, very quick
A: beak, talons 3, able to fly
a: Fly


You were on level 3 of the Dungeon.
You were not hungry.

You visited 1 branch of the dungeon, and saw 4 of its levels.

You collected 104 gold pieces.

Inventory:

Hand Weapons
 e - a +0 dagger
 h - a +0 spear
 i - a +0 halberd
 k - a +0 scythe
 t - a +2 flail of protection (weapon)
Missiles
 a - 18 sling bullets
 l - 47 stones (quivered)
 o - 54 bolts
Armour
 n - a +1 robe of positive energy (worn)
Jewellery
 j - a ring of stealth (left hand)
 p - an amulet of magic regeneration (around neck)
Scrolls
 b - 2 scrolls of enchant weapon {unknown}
 m - 4 scrolls of remove curse
 q - a scroll of amnesia
 s - a scroll of enchant armour
Comestibles
 c - 12 rations
 g - 4 chunks of flesh


   Skills:
 + Level 1.1 Fighting
 + Level 0.1 Short Blades
 + Level 2.1 Polearms
 + Level 3.2 Dodging
 + Level 2.4 Stealth
 + Level 3.4 Spellcasting
 + Level 3.3 Conjurations
 + Level 5.0 Fire Magic


You couldn't memorise any spells.
You knew the following spells:

 Your Spells              Type           Power        Failure   Level  Hunger
a - Foxfire               Conj/Fire      ##..         3%          1    #......
b - Conjure Flame         Conj/Fire      ##......     11%         3    ###....
c - Inner Flame           Hex/Fire       #.......     22%         3    ###....
d - Sticky Flame          Conj/Fire      ##......     36%         4    #####..

Your spell library contained the following spells:

 Spells                   Type           Power        Failure   Level  Hunger
 Fireball                 Conj/Fire      ##........   71%         5    ######.


Dungeon Overview and Level Annotations

Branches:
Dungeon (4/15)
 Temple: D:4-7

Altars:
Fedhas
Gozag
Kikubaaqudgha
Nemelex Xobeh
Sif Muna
Trog
Uskayaw
The Shining One

Annotations:
D:3 1 runed translucent door, exclusion: player ghost, StatueForm's ghost, amateur OpTm


Innate Abilities, Weirdness & Mutations

You have a beak for a mouth.
You have claws for feet.
You can fly continuously.


Message History

You climb upwards.
Level annotation: 1 runed translucent door, exclusion: player ghost, StatueForm's ghost, amateur OpTm
There is a stone staircase leading down here.
Your +2 flail of protection hums with potential!
t - a +2 flail of protection (weapon)
The gnoll hits you with a cursed +0 whip.
* * * LOW HITPOINT WARNING * * *
You feel agile all of a sudden. The gnoll closely misses you. x2
You hit the gnoll.
Your weapon exudes an aura of protection.
Your kick misses the gnoll.
The gnoll is moderately wounded.
The gnoll hits you with a +0 halberd!
* * * LOW HITPOINT WARNING * * *
The gnoll barely misses you.
Okay, then.
It was a potion of haste.
You feel yourself speed up.
The gnoll hits you with a cursed +0 whip.
You die...

.............'.........+.......#
#####.#...####.........####...##
..##...#.## ##.......## ##.##
#.##...### ##.....#######.#
#.##...# ##.........)..###
#.####.# ##..#######>...# #.#
#.# #..# #.##.# #.# #.#
#####..##### #.##.# ..# #.#
#.g@..###.÷# #.##.# ### #.#
#.##g.#≈##.###.##.# #.#
#.#...#W#......##.#
#[#######.##..#≈##.######.#
#.............#S##........#
#########.###.#≈###########
#.###.#≈### #.....#+#.# ##
#####.....# #.


You could see 2 gnolls.

Vanquished Creatures
  Sigmund (D:3)
  Jessica (D:2)
  5 gnolls
  4 adders
  2 oozes
  A worm (D:2)
  A dart slug (D:3)
  2 leopard geckos
  4 orcs (D:3)
  2 ball pythons
  2 giant cockroaches
  9 hobgoblins
  2 jackals (D:1)
  9 kobolds
  A quokka (D:2)
  8 bats
  5 frilled lizards
  4 goblins
  12 rats
75 creatures vanquished.

Vanquished Creatures (others)
  161 foxfires
161 creatures vanquished.

Grand Total: 236 creatures vanquished

Notes
Turn   | Place    | Note
-------+----------+-------------------------------------------
     0 | D:1      | 15 the Tengu Fire Elementalist began the quest for the Orb.
     0 | D:1      | Reached XP level 1. HP: 10/10 MP: 4/4
   343 | D:1      | Reached XP level 2. HP: 15/15 MP: 0/6
   906 | D:1      | Reached XP level 3. HP: 19/19 MP: 4/7
  1297 | D:2      | Reached skill level 4 in Fire Magic
  1457 | D:2      | Reached XP level 4. HP: 24/24 MP: 2/8
  1613 | D:2      | Learned a level 3 spell: Conjure Flame
  1617 | D:2      | Learned a level 3 spell: Inner Flame
  1893 | D:2      | Noticed Jessica
  1898 | D:2      | Killed Jessica
  1898 | D:2      | Gained mutation: You can fly continuously. [Tengu growth]
  1898 | D:2      | Reached XP level 5. HP: 26/28 MP: 6/10
  2654 | D:3      | Noticed Sigmund
  2664 | D:3      | Killed Sigmund
  2664 | D:3      | Reached skill level 1 in Fighting
  2664 | D:3      | Reached skill level 5 in Fire Magic
  2664 | D:3      | Reached XP level 6. HP: 8/34 MP: 10/12
  2721 | D:3      | Learned a level 4 spell: Sticky Flame
  2731 | D:3      | Found an ancient bone altar of Kikubaaqudgha.
  2732 | D:3      | Found a blossoming altar of Fedhas.
  2984 | D:3      | Found a bloodstained altar of Trog.
  3006 | D:3      | Found a hide-covered altar of Uskayaw.
  3008 | D:3      | Found a sparkling altar of Nemelex Xobeh.
  3008 | D:3      | Found an opulent altar of Gozag.
  3009 | D:3      | Found a glowing golden altar of the Shining One.
  3012 | D:3      | Found a shimmering blue altar of Sif Muna.
  3218 | D:3      | Found a runed translucent door.
  3225 | D:3      | Noticed StatueForm's ghost (amateur OpTm)
  3394 | D:3      | HP: 1/34 [gnoll/+0 halberd (7)]
  3395 | D:3      | Slain by a gnoll

Levels and vault maps discovered:
D:1:      saegor_arrival_simple_b, layout_loops_ring
D:2:      layout_basic, first_ration, uniq_jessica
D:3:      layout_loops_corners, grunt_temple_overflow_growth_and_decay,
          minitemple, ebering_ghost_sewer_d, uniq_sigmund
D:4:      layout_cave_pods

Skill      XL: |  1  2  3  4  5 |
---------------+----------------+-----
Fire Magic     | 4 5 |  5.0
Conjurations   | 2 3 |  3.3
Spellcasting   | 3 |  3.4
Dodging        | 3 |  3.2
Fighting       | 1 |  1.1
Polearms       | 2 |  2.1
Short Blades   | |  0.1
Stealth        | |  2.4

Action                   |  1- 3 |  4- 6 || total
-------------------------+-------+-------++-------
Melee: Unarmed           |    11 |       ||    11
       Kick              |     9 |    15 ||    24
       Club              |    19 |       ||    19
       Peck              |     3 |     8 ||    11
       Dagger            |    15 |     2 ||    17
       Halberd           |       |    52 ||    52
       Scythe            |       |     3 ||     3
       Flail             |       |     1 ||     1
 Cast: Foxfire           |    58 |    82 ||   140
       Sticky Flame      |       |     1 ||     1
  Use: Scroll            |     7 |     2 ||     9
       Potion            |       |     5 ||     5
 Stab: Sleeping          |       |     1 ||     1
  Eat: Chunk             |     3 |     6 ||     9
Armor: Robe              |    11 |     9 ||    20
Dodge: Dodged            |    48 |    55 ||   103

Table legend:
 A = Non-vault XP
 B = Vault XP
 C = Vault XP percentage of total XP
 D = Non-vault monster count
 E = Vault monster count
 F = Vault count percentage of total count
                 A         B        C        D         E       F
            +---------+---------+-------+---------+---------+-------
      Total |     246 |     260 |  51.4 |      73 |       2 |   2.7
            +---------+---------+-------+---------+---------+-------
        D:1 |      39 |       0 |   0.0 |      27 |       0 |   0.0
        D:2 |     129 |      37 |  22.3 |      29 |       1 |   3.3
        D:3 |      78 |     223 |  74.1 |      17 |       1 |   5.6
            +---------+---------+-------+---------+---------+-------
